Cogmind - Beta 14 @@@ ROGUE MODE // 2024.09.09 @ 14:48:18 Player: celerysam Result: Destroyed by H-55 Commando with Gauss Rifle Performance ------------- Evolutions (2) 1000 Regions Visited (4) 800 Robots Destroyed (37) 185 Value Destroyed (814) 814 Prototype IDs (2) 40 Alien Tech Used (0) 0 Bonus (57) 57 TOTAL SCORE: 2896 Bonus ------- High Alert Combat Kills 57 Cogmind --------- Core Integrity 0/550 Matter 55/300 Energy 100/100 System Corruption 3% Temperature Cool (0) Movement Treading (250) Ox1 Location -8/Materials Parts ------- > --- POWER (1) -------- (None) > --- PROPULSION (4) --- Armored Treads > --- UTILITY (4) ------ Large Storage Unit Signal Interpreter > --- WEAPON (2) ------- Assault Cannon Flak Cannon > --- INVENTORY (15) --- Light Treads Improved VTOL Module Improved Heat Sink Faulty Advanced Beam Cannon Grenade Launcher Datajack Improved Datajack Peak State ------------ > --- POWER ------------ Light Ion Engine > --- PROPULSION ------- Aerolev Unit Aerolev Unit Gravmag System Gravmag System > --- UTILITY ---------- Large Storage Unit Signal Interpreter Reaction Control System System Shield > --- WEAPON ----------- (None) > --- INVENTORY -------- Armored Treads Improved Hover Unit Improved VTOL Module Improved Heat Sink Advanced Beam Cannon Assault Cannon Grenade Launcher Datajack Improved Datajack [Rating: 27] Favorites ----------- Power Light Ion Engine Engine Light Ion Engine Power Core Light Nuclear Core Propulsion Light Treads Treads Light Treads Leg Improved Aluminum Leg Wheel Wheel Hover Unit Aerolev Unit Flight Unit Improved VTOL Module Utility Signal Interpreter Device ECM Suite Storage Large Storage Unit Processor Signal Interpreter Hackware System Shield Protection Light Armor Plating Weapon Assault Rifle Energy Gun EM Pulse Gun Ballistic Gun Assault Rifle Ballistic Cannon Flak Cannon Build | -11 -10 -9 -9 -8 ------- Run | Yrd Mat Mat Min Mat Slots Evolved 4 | . . 2 . 2 Power . | . . . . . Propulsion 2 | . . 1 . 1 Utility 2 | . . 1 . 1 Weapon . | . . . . . Parts Attached 39 | 6 4 6 1 22 Power 5 | 1 . . 1 3 Engine 4 | 1 . . 1 2 Core 1 | . . . . 1 Reactor . | . . . . . Propulsion 17 | 2 2 1 . 12 Treads 7 | . 2 1 . 4 Leg 1 | . . . . 1 Wheel 2 | 2 . . . . Hover 6 | . . . . 6 Flight 1 | . . . . 1 Utility 7 | 1 2 1 . 3 Device 2 | . . . . 2 Storage 2 | 1 1 . . . Processor 1 | . 1 . . . Hackware 1 | . . . . 1 Protection 1 | . . 1 . . Artifact . | . . . . . Weapon 10 | 2 . 4 . 4 Energy Gun 3 | . . 2 . 1 Energy Cannon . | . . . . . Ballistic Gun 5 | 2 . 2 . 1 Ballistic Cannon 2 | . . . . 2 Launcher . | . . . . . Special Weapon . | . . . . . Impact Weapon . | . . . . . Slashing Weapon . | . . . . . Piercing Weapon . | . . . . . Special Melee Weapon . | . . . . . Unidentified Prototypes 2 | . . . . 2 Parts Lost 20 | . . 1 . 19 Power 3 | . . . . 3 Propulsion 9 | . . . . 9 Utility 4 | . . . . 4 Weapon 4 | . . 1 . 3 Highest Loss Streak 11 | . . 1 . 11 To Critical Strikes . | . . . . . Average Slot Usage (%) 87 | . 88 81 100 86 Engine 10 | . 14 11 11 7 Treads 21 | . 13 27 33 21 Wheel 4 | . 14 . . . Hover 3 | . . . . 7 Device 2 | . . . . 7 Storage 10 | . 14 11 11 9 Processor 9 | . 7 11 11 9 Protection 4 | . . 2 11 6 Energy Gun 5 | . . 8 11 6 Ballistic Gun 12 | . 24 9 11 6 Peak Build Rating 27 | 6 7 10 15 27 Average Rating 12 | 4 6 7 10 19 On Entrance 7 | . 6 6 10 15 Naked Turns . | . . . . . Heaviest Build 40 | 12 27 31 38 40 Greatest Support 80 | 20 40 60 60 80 Greatest Overweight (x) 7 | . . . . 7 Average Overweight (x) . | . . . . . Largest Inventory Capacity 15 | 8 15 15 15 15 Average Capacity 13 | 7 11 15 15 15 Most Carried 15 | 6 8 8 10 15 Average Carried 9 | 3 7 7 8 12 Final Capacity 15 | 8 15 15 15 15 Final Carried 10 | 6 7 8 10 7 Class Distribution -------------------- 56% | Mutant 43% | Scavenger-Mutant Dominant Class ---------------- Mutant | -10/Materials Mutant | -9/Materials Scavenger-Mutant | -9/Mines Scavenger-Mutant | -8/Materials Resources | -11 -10 -9 -9 -8 ----------- Run | Yrd Mat Mat Min Mat Matter Collected 740 | 241 95 54 . 350 Remotely . | . . . . . Salvage Created 965 | . 130 114 27 694 Parts 73 | . 9 7 3 54 Haulers Intercepted 1 | . . . . 1 Recyclers Shooed . | . . . . . Parts Field Recycled . | . . . . . Retrieved Matter . | . . . . . Parts Self-Destructed . | . . . . . Prevented . | . . . . . Kills | -11 -10 -9 -9 -8 ------- Run | Yrd Mat Mat Min Mat Combat Hostiles Destroyed 28 | . 6 2 . 20 Guns 19 | . 6 2 . 11 Cannons 9 | . . . . 9 Classes Destroyed 8 | . 2 1 1 4 Worker 2 | . . . 1 1 Builder 1 | . . . . 1 Hauler 1 | . . . . 1 Watcher 5 | . 2 . . 3 Swarmer 17 | . 6 . . 11 Grunt 6 | . . . . 6 Brawler 1 | . . . . 1 Sentry 4 | . . 2 . 2 Best Kill Streak 9 | . 6 1 1 9 Combat Bots Only 9 | . 3 1 . 9 Max Kills in Single Turn 2 | . 1 1 1 2 Gunslinging 1 | . . . . 1 Exploded . | . . . . . Melee . | . . . . . Uniques/NPCs Destroyed . | . . . . . Combat | -11 -10 -9 -9 -8 -------- Run | Yrd Mat Mat Min Mat Hostile Shots Fired 341 | . 63 26 . 252 Missed 99 | . 25 10 . 64 Damage Taken 3056 | . 304 239 9 2504 Core 637 | . 79 . . 558 Absorbed by Shields . | . . . . . Core Remaining (%) 89 | 100 68 . 100 . Volleys Fired 103 | . 29 11 1 62 Largest 2 | . 2 2 2 2 Hottest 88 | . 40 63 63 88 Shots Fired 176 | . 58 19 2 97 Gun 147 | . 58 19 2 68 Cannon 29 | . . . . 29 Launcher . | . . . . . Special . | . . . . . Kinetic 131 | . 58 8 1 64 Thermal . | . . . . . Explosive . | . . . . . Electromagnetic 45 | . . 11 1 33 Robot Hit Streak 9 | . 6 6 4 9 Robot Miss Streak 8 | . 6 1 . 8 Penetration Max . | . . . . . Secondary Targets 5 | . 2 . 1 2 Max Gunslinging Chain 1 | . 1 . 1 1 Shots Hit Robots 106 | . 27 15 2 62 Core Hits 68 | . 8 4 2 54 Critical Kills . | . . . . . Critical Parts Destroyed . | . . . . . Critical Strikes . | . . . . . Melee Attacks . | . . . . . Impact . | . . . . . Slashing . | . . . . . Piercing . | . . . . . Sneak Attacks . | . . . . . Combat Hostiles . | . . . . . Follow-up Attacks . | . . . . . Damage Inflicted 1681 | . 351 181 26 1123 Guns 1176 | . 351 181 26 618 Cannons 441 | . . . . 441 Explosions 64 | . . . . 64 Melee . | . . . . . Ramming . | . . . . . Kinetic 1194 | . 351 82 14 747 Thermal 64 | . . . . 64 Explosive . | . . . . . Electromagnetic 423 | . . 99 12 312 Impact . | . . . . . Slashing . | . . . . . Piercing . | . . . . . Highest Corruption 3 | . . . . 3 Average Corruption 1 | . . . . 1 Corruption Purged . | . . . . . Corruption Blocked . | . . . . . Effects 4 | . . . . 4 Message Errors 2 | . . . . 2 Matter Fused 2 | . . . . 2 Overload Shots . | . . . . . Overflow Damage 14 | . . . . 14 Projectiles . | . . . . . Explosions 14 | . . . . 14 Melee . | . . . . . Knockbacks 5 | . . . . 5 Impact . | . . . . . Kinetic 5 | . . . . 5 Secondary . | . . . . . Self-Inflicted Damage 140 | . . . . 140 Shots 2 | . . . . 2 Rammed . | . . . . . Targets Rammed . | . . . . . Kicked . | . . . . . Crushed . | . . . . . Highest Temperature 272 | . . 24 9 272 Average Temperature 45 | . . 8 6 53 Received Heat Transfer 1071 | . . 81 . 990 Siege Activations . | . . . . . Robots Corrupted . | . . . . . Combat Hostiles . | . . . . . Parts Fried . | . . . . . Impact Corruptions . | . . . . . Robots Melted . | . . . . . Combat Hostiles . | . . . . . Parts Melted . | . . . . . Heat Transferred 50 | . . . . 50 Parts Sabotaged . | . . . . . Parts Stolen . | . . . . . Parts Stripped . | . . . . . Power Chain Reactions 1 | . . . . 1 Alert | -11 -10 -9 -9 -8 ------- Run | Yrd Mat Mat Min Mat Peak Influence 507 | . 214 105 45 507 Initial 40 | . . 5 40 17 Average 103 | . 106 51 40 151 Maximum Alert Level 2 | . 1 . . 2 Low Security (%) 85 | 100 71 100 100 84 Level 1 11 | . 28 . . 9 Level 2 2 | . . . . 6 Level 3 . | . . . . . Level 4 . | . . . . . Level 5 . | . . . . . High Security . | . . . . . Max Security . | . . . . . Squads Dispatched 1 | . . . . 1 Investigation 1 | . . . . 1 Extermination . | . . . . . Reinforcement . | . . . . . Assault . | . . . . . Garrison . | . . . . . Intercept . | . . . . . Searches Triggered . | . . . . . Construction Impeded . | . . . . . Haulers Reinforced . | . . . . . Active Scanning Responses . | . . . . . Cargo Convoy Interrupts . | . . . . . Stealth | -11 -10 -9 -9 -8 --------- Run | Yrd Mat Mat Min Mat Distress Signals 4 | . 1 . . 3 Communications Jammed . | . . . . . Distress Signals . | . . . . . Times Spotted 64 | . 13 7 1 43 Peak Tracking Total 13 | . 4 3 1 13 Tactical Retreats 9 | . 1 . . 8 Traps | -11 -10 -9 -9 -8 ------- Run | Yrd Mat Mat Min Mat Traps Triggered 3 | . . . . 3 Indirectly . | . . . . . Trap Hack Attempts . | . . . . . Triggered . | . . . . . Disarmed . | . . . . . Reprogrammed . | . . . . . Reused . | . . . . . Traps Extracted . | . . . . . Installed . | . . . . . Triggered . | . . . . . Machines | -11 -10 -9 -9 -8 ---------- Run | Yrd Mat Mat Min Mat Machines Disabled 3 | . . . . 3 Max in Single Turn 2 | . . . . 2 Machines Repaired . | . . . . . Machines Dismantled . | . . . . . Machines Sabotaged . | . . . . . Overloaded Fab Kills . | . . . . . Hacking | -11 -10 -9 -9 -8 --------- Run | Yrd Mat Mat Min Mat Machines Accessed 12 | . 1 3 1 7 Terminals 10 | . 1 3 . 6 Fabricators . | . . . . . Repair Stations . | . . . . . Recycling Units . | . . . . . Scanalyzers 1 | . . . . 1 Garrison Access . | . . . . . Total Hacks 18 | . 1 5 1 11 Successful 9 | . . 2 1 6 Failed 9 | . 1 3 . 5 Catastrophic . | . . . . . Database Lockouts . | . . . . . Manual 10 | . 1 4 . 5 Terminals 15 | . 1 5 . 9 Fabricators . | . . . . . Repair Stations . | . . . . . Recycling Units . | . . . . . Scanalyzers 2 | . . . . 2 Garrison Access . | . . . . . Terminal Hacks 2 | . . . 1 1 Open Door 1 | . . . 1 . Alert Level 1 | . . . . 1 Fabricator Hacks . | . . . . . Repair Station Hacks . | . . . . . Recycling Unit Hacks . | . . . . . Scanalyzer 2 | . . . . 2 Insert Component 1 | . . . . 1 Analyze 1 | . . . . 1 Garrison Access Hacks . | . . . . . Unauthorized Hacks 5 | . . 2 . 3 Terminals 5 | . . 2 . 3 Botnet 5 | . . 2 . 3 Fabricators . | . . . . . Repair Stations . | . . . . . Recycling Units . | . . . . . Scanalyzers . | . . . . . Garrison Access . | . . . . . Data Cores Recovered . | . . . . . Used . | . . . . . Hacking Detections 6 | . . 1 . 5 Full Trace Events . | . . . . . Feedback Events . | . . . . . Feedback Blocked . | . . . . . Robot Schematics Acquired . | . . . . . Robots Built . | . . . . . Authchips . | . . . . . Time . | . . . . . Total Robot Build Rating . | . . . . . Part Schematics Acquired 1 | . . . . 1 Parts Built . | . . . . . Authchips . | . . . . . Time . | . . . . . Total Part Build Rating . | . . . . . Parts Repaired . | . . . . . Time . | . . . . . Parts Recycled . | . . . . . Recycled Matter . | . . . . . Retrieved Matter . | . . . . . Retrieved Components . | . . . . . Parts Scanalyzed 1 | . . . . 1 Part Schematics Acquired 1 | . . . . 1 Parts Damaged . | . . . . . Bothacking | -11 -10 -9 -9 -8 ------------ Run | Yrd Mat Mat Min Mat Used RIF Installer . | . . . . . Robots Hacked . | . . . . . Non-combat . | . . . . . Combat . | . . . . . Robot Hacks Applied . | . . . . . Relay Couplers Released . | . . . . . Fabnet Peak Effective % . | . . . . . Robots Rewired . | . . . . . Allies Hacked . | . . . . . Hacks Repelled . | . . . . . Allies | -11 -10 -9 -9 -8 -------- Run | Yrd Mat Mat Min Mat Total Allies . | . . . . . Largest Group . | . . . . . Highest-Rated Group . | . . . . . Highest-Rated Ally . | . . . . . Total Orders . | . . . . . Ally Attacks . | . . . . . Total Damage . | . . . . . Kills . | . . . . . Allies Corrupted . | . . . . . Allies Melted . | . . . . . Intel | -11 -10 -9 -9 -8 ------- Run | Yrd Mat Mat Min Mat Robot Analysis Total . | . . . . . Derelict Logs Recovered 3 | . . . 3 . Drone Launches . | . . . . . Drone Recoveries . | . . . . . Exploration | -11 -10 -9 -9 -8 ------------- Run | Yrd Mat Mat Min Mat Turns Passed 1675 | 57 446 289 203 680 Spaces Moved 1067 | 50 308 155 114 440 Core 8 | 4 . . . 4 Treads 611 | . 125 155 114 217 Legs . | . . . . . Wheels 229 | 46 183 . . . Hover 219 | . . . . 219 Flight . | . . . . . Fastest Speed 43 | 50 80 160 160 43 Average Speed 119 | 77 112 160 160 105 Slowest Speed 400 | 80 160 160 160 400 Overloaded Moves . | . . . . . Propulsion Burnouts . | . . . . . Robots Hopped . | . . . . . Cave-ins Triggered . | . . . . . Exploration Rate (%) 33 | 4 54 22 31 56 Regions Visited 4 Branch Regions 1 Pre-discovered Areas 1 | . . . 1 . Known Exits Taken 3 | . 1 1 1 . Unknown Exits Taken 1 | 1 . . . . Scrap Searched . | . . . . . Spaces Dug . | . . . . . Terrain Destroyed 42 | . . . . 42 Melee . | . . . . . Projectile 1 | . . . . 1 AOE 41 | . . . . 41 Terrain Rammed . | . . . . . Walls Destroyed . | . . . . . Machines Disabled . | . . . . . Actions | -11 -10 -9 -9 -8 --------- Run | Yrd Mat Mat Min Mat Total 1290 | 67 350 176 133 564 Wait 27 | . . . 12 15 Move 1063 | 49 307 154 113 440 Hop . | . . . . . Pick Up 42 | 12 5 5 4 16 Fast Attach 3 | . 1 . . 2 Attach 26 | 6 . 4 . 16 Detach 1 | . . . . 1 Swap 10 | . 3 2 1 4 Drop 15 | . 5 . 2 8 Fire 103 | . 29 11 1 62 Melee . | . . . . . Ram . | . . . . . Kick . | . . . . . Crush . | . . . . . Escape Stasis . | . . . . . Rewire . | . . . . . Trap . | . . . . . Miscellaneous . | . . . . . Route ------- -11/Scrapyard -10/Materials (discovered 3 exits: *Mat x2 / [*Min]) -9/Materials (discovered 2 exits: *Min / *Sto) -9/Mines -8/Materials (discovered 2 exits: *Fac x2) History --------- Turn | Location | Event 27 | -11/Scrapyard | Discovered new exit (range 16) 58 | -11/Scrapyard | Entered Materials 206 | -10/Materials | Discovered new exit (range 4) 331 | -10/Materials | Build established: Mutant 392 | -10/Materials | Discovered new exit (range 12) 393 | -10/Materials | Discovered new exit (range 10) 502 | -10/Materials | Identified exit to Materials 504 | -10/Materials | Entered another Materials area 504 | -9/Materials | Evolved 2 slots: Propulsion x1, Utility x1 570 | -9/Materials | Discovered new exit (range 8) 609 | -9/Materials | Identified exit to Storage 785 | -9/Materials | Discovered new exit (range 6) 791 | -9/Materials | Identified exit to Mines 793 | -9/Materials | Entered Mines 812 | -9/Mines | Met a Derelict bent on vengeance 819 | -9/Mines | Learned Materials security intel 885 | -9/Mines | Learned Materials terminal intel 906 | -9/Mines | Discovered new exit (range 14) 914 | -9/Mines | Assembled infested the area 929 | -9/Mines | Identified exit to Materials 934 | -9/Mines | Learned location of Zion (-6) 950 | -9/Mines | Met a Derelict who couldn't figure out how to use a Trap Extractor 996 | -9/Mines | Entered Materials 996 | -8/Materials | Evolved 2 slots: Propulsion x1, Utility x1 998 | -8/Materials | Loaded intel: 12 terminal locations 1047 | -8/Materials | Build established: Scavenger-Mutant 1495 | -8/Materials | Core integrity fell below 50% 1522 | -8/Materials | Lost 11 parts (2p4n2u3w) 1541 | -8/Materials | Discovered new exit (range 8) 1545 | -8/Materials | Identified exit to Factory 1553 | -8/Materials | Core integrity fell below 20% 1607 | -8/Materials | Discovered exit to Factory (range 16) 1676 | -8/Materials | Destroyed by H-55 Commando with Gauss Rifle Last Messages --------------- 01621_ S-10 Pest destroyed. 01623_ S-10 Pest knocked back. 01627_ S-10 Pest destroyed. 01633_ G-47 Trooper knocked back. 01643_ G-47 Trooper destroyed. 01644_ Aerolev Unit destroyed. 01649_ System corrupted: Matter fused (-8). 01649_ System Shield destroyed. 01649_ G-47 Trooper destroyed. 01654_ Imp. Hover Unit destroyed. 01654_ Critical hit (Burn: +37). 01654_ Y-45 Defender destroyed. 01656_ Critical hit (Burn: +37). 01658_ Drone sends a signal. 01662_ Aerolev Unit destroyed. 01664_ G-47 Trooper destroyed. 01665_ Lgt. Ion Engine destroyed. 01667_ Y-45 Defender destroyed. 01673_ Acquired Lgt. Treads. 01676_ Slug penetrates Wall. Map ----- +----------------------------------------------------+ | ??# G"?########### #??????? | | ??# "" ?# #??????? | | ??# ! # #??????? | | ??# # #??????? | | ??# /! + ####### #??????? | | ??# /! # #?????#######??????? | | ??# !! # #??????????????????? | | ??########## ########???????????? | | ????# #???????????? | | ????# #??????? | | ????# """????? | | ????# ##### ##### """ ?T"????? | | ????# #???# #????? ""????"""????? | | ????# #???# #??????""???????????? | | ????# #???# #??????? ???????????? | | ????# #???# #???????????????????? | | ????# #####+#####???????????????? | | ????# # #???????????????? | | ????# + ! #???????????????? | | ????# # #???????????????? | | ????# # #???????????????? | | ????# #?#########???????????????? | | ????# ########??????????????????? | | ????# h#! #??????????????????? | | ????# !%!= #??????????????????? | | ????# =%[=@ #??????????????????? | | ????# **#%= #??????????????????? | | ????# <%#! #??????????????????? | | ????# # #??????????????????? | | ????############??????????????????? | | ??????????????????????????????????? | | ??????????????????????????????????? | | ??????????????????????????????????? | | ??????????????????????????????????? | | ??????????????????????????????????? | | ??????????????????????????????????? | | ??????????????????????????????????? | | ??????????????????????????????????? | | ??????????????????????????????????? | | ??????????????????????????????????? | | ??????????????????????????????????? | | | | | | | | | | | | | | | | | | | +----------------------------------------------------+ Best States ------------- Heat Dissipation 31 Energy Generation 16 Energy Capacity 290 Matter Stores 281 Matter Capacity 300 Sight Range 16 Terrain Scan Density 10 ECM Strength 1 Armor Coverage 150 Evasion (%) 64 Recoil Reduction 4 Defensive Hacking 10 Item Schematics ----------------- Imp. VTOL Module | -8/Materials | Scanalyzed Robot Schematics ------------------ None Fabricated ------------ Nothing Alien Tech Used ----------------- None Achievements -------------- None Challenges ------------ None Game ------ Seed IntegratedSpikedWell Manual? 0 Play Time 00:24:16 Cumulative 161.6 hours Start 2024.09.09 @ 13:53:28 End 2024.09.09 @ 14:48:18 Sessions 1 Manual Loads 0 Difficulty Rogue Special Mode None Game No. 225 Rogue 225 Adventurer 0 Explorer 0 Win Type - Total 0 Types 0/0/0/0/0/0/0/0/0 Lore% 32 Gallery% 60 Achievement% 41 Wizard Run 0 Options --------- Layout 0 ASCII 0 Keyboard 0 Movement Mouse Keybinds 0 Fullscreen 1 Font 24/Smallcaps Map View 76x50 Zoom Use 0% Tactical HUD 1 Map Filters NONE Filters NONE Steam 1 RUN: b63e2018-7138-46cb-9dce-ed7c19ea83a3